 Dungeon Sprint DCSS version 0.28.0 (webtiles) character file.

Game seed: 16787803792304446662

406 rocky1 the Blocker (level 6, -5/51 HPs)
             Began as a Minotaur Fighter on Feb 10, 2022.
             Was an Initiate of Okawaru.
             Slain by a fire elemental (8 damage)
             ... summoned by a deep elf pyromancer
             ... in the Dungeon (Sprint III: "The Ten Rune Challenge").
             The game lasted 00:03:09 (1060 turns).

rocky1 the Blocker (Minotaur Fighter)               Turns: 1060, Time: 00:03:10

Health: -5/51      AC:  8    Str: 23    XL:     6   Next: 56%
Magic:  5/5        EV:  9    Int:  5    God:    Okawaru [......]
Gold:   13         SH:  6    Dex:  9    Spells: 5/5 levels left

rFire   . . .      SeeInvis .   a - +0 long sword
rCold   . . .      Faith    .   c - +0 buckler
rNeg    . . .      Spirit   .   b - +0 scale mail
rPois   .          Reflect  .   (helmet restricted)
rElec   .          Harm     .   k - +0 cloak
rCorr   .          Rampage  .   (no gloves)
Will    .....      NoTele   +   (no boots)
Stlth   ..........              (no amulet)
HPRegen 0.17/turn               (no ring)
MPRegen 0.09/turn               (no ring)

@: no status effects
A: horns 2, retaliatory headbutt
a: Renounce Religion


You were in the Dungeon.
You worshipped Okawaru.
Okawaru was noncommittal.
You visited 1 branch You collected 13 gold pieces.

Inventory:

Hand Weapons
 a - a +0 long sword (weapon)
Armour
 b - a +0 scale mail (worn)
 c - a +0 buckler (worn)
 k - a +0 cloak (worn)
Scrolls
 j - a scroll of blinking
 m - 2 scrolls of torment {unknown}
 n - 2 scrolls of identify {unknown}
Potions
 e - 2 potions of curing
 f - a potion of heal wounds
 h - 3 potions of magic
 l - 2 potions of mutation {unknown}
 o - 4 potions of flight


   Skills:
 + Level 3.6 Fighting
 + Level 12.2 Long Blades
 + Level 3.6 Armour
 + Level 0.0 Dodging
 + Level 12.4 Shields
 + Level 0.0 Invocations


You had 5 spell levels left.
You didn't know any spells.
Your spell library was empty.

Dungeon Overview and Level Annotations

Branches:
Dungeon (1/1)

Altars:
Elyvilon
Okawaru
Trog
Uskayaw
Wu Jian
Zin
The Shining One
Beogh


Innate Abilities, Weirdness & Mutations

You have a pair of horns on your head.
You reflexively headbutt those who attack you in melee.


Message History

* * * LOW HITPOINT WARNING * * *
You barely miss the deep elf pyromancer.
The deep elf pyromancer mumbles some strange words.
You hit the deep elf pyromancer.
The deep elf pyromancer is lightly wounded.
The deep elf pyromancer closely misses you.
You furiously retaliate!
You headbutt the deep elf pyromancer! You block the fire elemental's attack.
You hit the deep elf pyromancer.
Your headbutt misses the deep elf pyromancer.
The deep elf pyromancer is heavily wounded.
The fire elemental hits you. The fire elemental burns you!
* * * LOW HITPOINT WARNING * * *
You barely miss the deep elf pyromancer.
Your headbutt misses the deep elf pyromancer.
The deep elf pyromancer is heavily wounded.
The deep elf pyromancer barely misses you.
You block the fire elemental's attack.
Unknown command.
You feel much better.
The deep elf pyromancer hits you but does no damage.
The fire elemental hits you. The fire elemental burns you!
Unknown command.
You slash the deep elf pyromancer!
The deep elf pyromancer is severely wounded.
The fire elemental hits you. The fire elemental burns you!
* * * LOW HITPOINT WARNING * * *
The deep elf pyromancer gestures at you while chanting.
The bolt of fire misses you.
The bolt of fire hits the fire elemental.
The fire elemental completely resists.
You closely miss the deep elf pyromancer.
The deep elf pyromancer is severely wounded.
The fire elemental closely misses you.
The deep elf pyromancer gestures wildly while chanting.
The deep elf pyromancer blinks!
The fire elemental hits you. The fire elemental burns you!
* * * LOW HITPOINT WARNING * * *
The fire elemental hits you. The fire elemental burns you!
You die...

▓▓▓▓ ▓▓▓ ...####
##.#########
......#####..#___#___#
...)...#..#..#!§.#__)#
#.##...#..#..###'#'###+##
#.###..##'#..#..@E......#
##.##..###...'.⌠.e......#
..##..####...#...######+#
..##..###....#.⌠.#
.##...##.....#...#
##....#..)...#+###
##..##.#.....#
#..#####....# ▓▓▓▓ ▓▓▓▓▓▓


You could see a deep elf pyromancer and a fire elemental (summoned).

Vanquished Creatures
  A water elemental (D)
  Crazy Yiuf (D)
  Jessica (D)
  3 humans (D)
  3 rats (D)
9 creatures vanquished.

Notes
Turn   | Place    | Note
-------+----------+-------------------------------------------
     0 | D        | rocky1 the Minotaur Fighter began the quest for the Orb.
     0 | D        | Reached XP level 1. HP: 19/19 MP: 0/0
    21 | D        | Noticed Jessica
    27 | D        | Killed Jessica
    28 | D        | Reached skill level 5 in Long Blades
    28 | D        | Reached XP level 2. HP: 18/26 MP: 1/1
   231 | D        | Reached XP level 3. HP: 8/31 MP: 2/2
   457 | D        | Noticed Crazy Yiuf
   464 | D        | Killed Crazy Yiuf
   465 | D        | Reached XP level 4. HP: 12/39 MP: 3/3
   688 | D        | Noticed a water elemental
   690 | D        | Killed a water elemental
   746 | D        | Found a hide-covered altar of Uskayaw.
   746 | D        | Found an iron altar of Okawaru.
   746 | D        | Found a bloodstained altar of Trog.
   746 | D        | Found an ornate altar of the Wu Jian Council.
   746 | D        | Noticed a human
   746 | D        | Noticed a human
   765 | D        | Killed a human
   766 | D        | Reached skill level 10 in Long Blades
   766 | D        | Reached XP level 5. HP: 30/45 MP: 4/4
   766 | D        | Reached XP level 6. HP: 34/51 MP: 5/5
   768 | D        | Killed a human
  1040 | D        | Became a worshipper of Warmaster Okawaru
  1046 | D        | Found a glowing silver altar of Zin.
  1046 | D        | Found a glowing golden altar of the Shining One.
  1046 | D        | Found a white marble altar of Elyvilon.
  1051 | D        | Noticed a deep elf pyromancer
  1054 | D        | Noticed a fire elemental
  1060 | D        | Slain by a fire elemental

Illustrated notes

Levels and vault maps discovered:
D:        dungeon_sprint_mu [sprint_mu_entry_cave, sprint_mu_temple_rooms,
          sprint_mu_d1_horrors, sprint_mu_d2_genie, sprint_mu_d3_branching,
          sprint_mu_orc_legion, sprint_mu_elf_gauntlet, sprint_mu_hive_nellie,
          sprint_mu_lair_fedhas, sprint_mu_vaults_butterflies,
          sprint_mu_slime_circle, sprint_mu_swamp_cave, sprint_mu_shoals_archi,
          sprint_mu_blade_basic, sprint_mu_crypt_chambers,
          sprint_mu_tomb_spiral, sprint_mu_vestibule_basic,
          sprint_mu_gehenna_hellfire, sprint_mu_dis_giant,
          sprint_mu_tartarus_statrot, sprint_mu_cocytus_islands, sprint_mu_zot1]

Skill      XL: |  1  2  3  4  5  6 |
---------------+-------------------+-----
Long Blades    | 5 6 7 10 12 | 12.2
Shields        | 6 7 11 12 | 12.4
Fighting       | |  3.6
Armour         | |  3.6

Action                   |  1- 3 |  4- 6 || total
-------------------------+-------+-------++-------
Melee: Long sword        |    21 |    15 ||    36
       Headbutt          |     3 |     3 ||     6
  Use: Potion            |       |     4 ||     4
Armor: Scale mail        |     1 |     7 ||     8
Dodge: Dodged            |     7 |     4 ||    11
Block: Buckler           |     5 |     4 ||     9
